 Dungeon Crawl Stone Soup version 0.29.1-1-gd02db6906a (webtiles) character file.

Game seed: 4234576061581067080

2659 Acheron the Covered (level 9, -1/78 HPs)
             Began as a Minotaur Fighter on Sept 19, 2022.
             Was a Believer of Nemelex Xobeh.
             Slain by a yak (10 damage)
             ... on level 10 of the Dungeon.
             The game lasted 00:26:29 (7067 turns).

Acheron the Covered (Minotaur Fighter)              Turns: 7067, Time: 00:26:29

Health: -1/78      AC:  8    Str: 20    XL:     9   Next: 36%
Magic:  8/8        EV: 13    Int:  7    God:    Nemelex Xobeh [**....]
Gold:   394        SH: 11    Dex: 13    Spells: 7/8 levels left

rFire   . . .      SeeInvis +   m - +4 flail (protect)
rCold   . . .      Faith    .   c - +1 buckler
rNeg    . . .      Spirit   .   r - +0 steam dragon scales
rPois   .          Reflect  +   s - +0 hat
rElec   .          Harm     .   (no cloak)
rCorr   .          Rampage  .   (no gloves)
Will    .....                   j - +0 pair of boots
Stlth   ++........              v - amulet of reflection
HPRegen 0.23/turn               p - ring of see invisible
MPRegen 0.11/turn               (no ring)

@: about to teleport
A: horns 2, retaliatory headbutt
a: Renounce Religion, Draw Escape, Draw Destruction, Draw Summoning


You were on level 10 of the Dungeon.
You worshipped Nemelex Xobeh.
Nemelex Xobeh was pleased with you.
You visited 2 branches of the dungeon, and saw 12 of its levels.

You collected 498 gold pieces.
You spent 104 gold pieces at shops.

Inventory:

Hand Weapons
 a - a +0 war axe
 k - a +0 vorpal spear
 m - a +4 flail of protection (weapon)
Missiles
 b - 2 curare-tipped darts (quivered)
 f - 22 poisoned darts
 u - 4 atropa-tipped darts
 y - a throwing net
 A - 4 boomerangs
 E - 14 boomerangs of dispersal
Armour
 c - a +1 buckler (worn)
 g - a +0 chain mail of fire resistance
 j - a +0 pair of boots (worn)
 r - +0 steam dragon scales (worn)
 s - a +0 hat (worn)
Jewellery
 p - a ring of see invisible (left hand)
 t - a ring of ice
 v - an amulet of reflection (around neck)
 C - a ring of fire
 D - an amulet of magic regeneration
Wands
 F - a wand of iceblast (3)
Scrolls
 e - 2 scrolls of teleportation
 n - a scroll of amnesia
 w - a scroll of identify
Potions
 d - 3 potions of might
 h - 3 potions of haste
 i - 3 potions of curing
 l - a potion of attraction {unknown}
 o - 2 potions of brilliance
 q - a potion of heal wounds
 x - 4 potions of flight


   Skills:
 * Level 6.6 Fighting
 + Level 3.8(5.5) Axes
 * Level 6.3(6.8) Maces & Flails
 * Level 4.0 Throwing
 * Level 7.4 Armour
 * Level 5.3 Dodging
 * Level 3.7 Stealth
 + Level 5.5 Shields
 * Level 1.0 Invocations
 * Level 0.5 Evocations


You had 7 spell levels left.
You knew the following spells:

 Your Spells              Type           Power      Damage    Failure   Level
a - Sandblast             Erth           0%         2d4       52%         1

Your spell library contained the following spells:

 Spells                   Type           Power      Damage    Failure   Level
 Ensorcelled Hibernation  Hex/Ice        0%         N/A       65%         2
 Passwall                 Tmut/Erth      0%         N/A       65%         2
 Spider Form              Tmut/Pois      0%         N/A       87%         3
 Stone Arrow              Conj/Erth      0%         3d7       87%         3
 Anguish                  Hex/Necr       0%         N/A       99%         4
 Petrify                  Tmut/Erth      0%         N/A       99%         4
 Metabolic Englaciation   Hex/Ice        0%         N/A       100%        5
 Statue Form              Tmut/Erth      0%         N/A       100%        6


Dungeon Overview and Level Annotations

Branches:
Dungeon (11/15)            Temple (1/1) D:7             Orc (0/2) D:10
   Lair: D:8-11

Altars:
Ashenzari
Cheibriados
Dithmenos
Elyvilon
Fedhas
Gozag
Hepliaklqana
Kikubaaqudgha
Makhleb
Nemelex Xobeh
Okawaru
Qazlal
Sif Muna
Trog
Uskayaw
Vehumet
Wu Jian
Xom
Yredelemnul
Zin
The Shining One

Shops:
D:3 ?   D:4 (

Annotations:
D:4 2 transporters, exclusion: downstairs, ILmort's ghost, amateur GrEE
D:6 exclusion: downstairs
D:8 exclusion: downstairs
D:9 exclusion: upstairs


Innate Abilities, Weirdness & Mutations

You have a pair of horns on your head.
You reflexively headbutt those who attack you in melee.


Message History

You kill the orc!
The electrical discharge engulfs the orc!
You kill the orc!
The electrical discharge engulfs the wraith!
The wraith is almost destroyed.
The electrical discharge engulfs the acid dragon!
The acid dragon is severely wounded.
The electrical discharge engulfs the two-headed ogre!
The two-headed ogre is moderately wounded.
You hear mighty peals of thunder!
You hear an angry buzzing noise.
You hear a shout!
You hear an angry buzzing noise.
You hear a shout! x4
You sock the acid dragon!
Your weapon exudes an aura of protection.
You kill the acid dragon!
The acid dragon scales are intact enough to wear.
Your Maces & Flails skill increases to level 6!
You hit the wraith but do no damage. You headbutt the wraith.
You destroy the wraith!
Your Throwing skill increases to level 4!
Your Invocations skill increases to level 1!
You draw a card...
You have drawn the Storm.
A fierce wind blows from the card.
The orc warrior and the two-headed ogre are blown away by the wind.
The electrical discharge engulfs the two-headed ogre!
The two-headed ogre is heavily wounded.
You hear a mighty peal of thunder!
Your surroundings suddenly seem different.
The yak bellows! x3
You block the yak's attack.
The yak bellows!
The yak attacks as you move away! The yak gores you.
* * * LOW HITPOINT WARNING * * *
The yak attacks as you move away! The yak gores you!
* * * LOW HITPOINT WARNING * * *
As you read the scroll of teleportation, it crumbles to dust.
You feel strangely unstable. The yak gores you.
* * * LOW HITPOINT WARNING * * *
The yak gores you!
You die...
Your body disappears without a glow.

#...........#..#.......
#...........#..#.......
#...........###+###'###
#...........#........#
#...............!....#
#....#.................
######.###.............
#>........#####.##
#@......... ..(
#####YY##.##...# .##
#...YYY.#.##.... ..
#.......#.....### #
#............
###....#...#.
#.....+...+ #.....#...#
#.....#...#


You could see 5 yaks.

Vanquished Creatures
  A wraith (D:10)
  3 steam dragons
  Menkaure (D:6)
  2 acid dragons (D:10)
  3 water moccasins (D:7)
  A sky beast (D:7)
  An ice beast (D:6)
  A wolf (D:8)
  A centaur (D:8)
  2 kobold brigands
  2 bullfrogs
  2 scorpions
  3 killer bees (D:9)
  4 howler monkeys
  2 hounds
  An orc priest (D:7)
  A gnoll bouda (D:7)
  4 orc wizards
  7 gnolls
  9 adders
  A shadow imp (D:7)
  2 white imps
  14 orcs
  6 ball pythons
  5 endoplasms
  A giant cockroach (D:1)
  6 hobgoblins
  3 jackals (D:2)
  11 kobolds
  5 bats
  5 frilled lizards
  6 goblins
  6 rats
122 creatures vanquished.

Vanquished Creatures (others)
  2 orc wizards
2 creatures vanquished.

Grand Total: 124 creatures vanquished

Notes
Turn   | Place    | Note
-------+----------+-------------------------------------------
     0 | D:1      | Acheron the Minotaur Fighter began the quest for the Orb.
     0 | D:1      | Reached XP level 1. HP: 19/19 MP: 0/0
   322 | D:1      | Reached XP level 2. HP: 23/27 MP: 1/1
   568 | D:1      | Reached skill level 4 in Armour
  1230 | D:2      | Learned a level 1 spell: Sandblast
  1250 | D:2      | Reached XP level 3. HP: 33/33 MP: 2/2
  2041 | D:3      | Reached XP level 4. HP: 40/40 MP: 3/3
  2120 | D:3      | Found Jyag's Magic Scroll Shop.
  2180 | D:3      | Reached skill level 1 in Dodging
  2291 | D:3      | Found a snail-covered altar of Cheibriados.
  2294 | D:3      | Found a shimmering blue altar of Sif Muna.
  2298 | D:3      | Found a hazy altar of Hepliaklqana.
  2664 | D:3      | Bought a scroll of identify for 26 gold pieces
  2664 | D:3      | Bought a scroll of teleportation for 39 gold pieces
  2664 | D:3      | Bought a scroll of teleportation for 39 gold pieces
  2740 | D:4      | Found Oponlus's Weapon Shop.
  2765 | D:4      | Reached skill level 1 in Throwing
  2916 | D:5      | Entered Level 5 of the Dungeon
  2916 | D:5      | Noticed a scorpion
  2972 | D:4      | Noticed a two-headed ogre
  3033 | D:4      | Reached skill level 1 in Stealth
  3113 | D:4      | Found a stormy altar of Qazlal.
  3142 | D:5      | Noticed a bullfrog
  3159 | D:4      | Killed a bullfrog
  3160 | D:4      | Reached XP level 5. HP: 43/47 MP: 4/4
  3280 | D:4      | Reached skill level 5 in Armour
  3377 | D:4      | Found a transporter.
  3379 | D:4      | Noticed ILmort's ghost (amateur GrEE)
  3381 | D:4      | Found a transporter.
  3381 | D:4      | Noticed a black bear
  3511 | D:5      | Reached XP level 6. HP: 46/53 MP: 5/5
  3695 | D:5      | You fall into a shaft and drop 3 floors!
  3717 | D:8      | Noticed a steam dragon
  3762 | D:9      | Reached skill level 1 in Maces & Flails
  3787 | D:9      | Noticed a steam dragon
  3806 | D:8      | Killed a steam dragon
  3887 | D:9      | Killed a steam dragon
  3888 | D:9      | Reached skill level 5 in Fighting
  3888 | D:9      | Reached skill level 6 in Armour
  3888 | D:9      | Reached XP level 7. HP: 47/61 MP: 6/6
  4401 | D:7      | Found a bloodstained altar of Trog.
  4517 | D:7      | Reached XP level 8. HP: 53/70 MP: 7/7
  4549 | D:7      | Found a staircase to the Ecumenical Temple.
  4563 | Temple   | Entered the Ecumenical Temple
  4743 | Temple   | Became a worshipper of Nemelex Xobeh the Trickster
  4777 | D:7      | Found a basalt altar of Yredelemnul.
  5212 | D:6      | Noticed Menkaure
  5216 | D:6      | Killed Menkaure
  5451 | D:7      | Reached * piety under Nemelex Xobeh
  5655 | D:7      | Reached skill level 5 in Shields
  5687 | D:7      | Reached skill level 7 in Armour
  5768 | D:7      | Reached skill level 5 in Maces & Flails
  5864 | D:7      | Received a gift from Nemelex Xobeh
  5875 | D:7      | Found an ornate altar of the Wu Jian Council.
  6070 | D:7      | Reached skill level 5 in Dodging
  6070 | D:7      | Reached XP level 9. HP: 77/77 MP: 8/8
  6246 | D:8      | Found a burning altar of Makhleb.
  6246 | D:8      | Noticed a balrug
  6484 | D:9      | Noticed a two-headed ogre
  6789 | D:10     | Entered Level 10 of the Dungeon
  6789 | D:10     | Noticed a two-headed ogre
  6789 | D:10     | Noticed a two-headed ogre
  6789 | D:10     | Reached ** piety under Nemelex Xobeh
  6812 | D:10     | Received a gift from Nemelex Xobeh
  6816 | D:10     | Found a staircase to the Orcish Mines.
  6851 | D:10     | Found a blossoming altar of Fedhas.
  7058 | D:10     | Reached skill level 1 in Invocations
  7067 | D:10     | Slain by a yak

Illustrated notes

Levels and vault maps discovered:
D:1:      dpeg_arrival_lava_altar, layout_basic
D:2:      layout_loops_ring
D:3:      layout_basic, grunt_temple_overflow_diamond, serial_shops,
          nicolae_shop_window_shopping
D:4:      layout_basic, nicolae_qazlal_eye_of_the_storm, gammafunk_ghost_arena,
          serial_shops, nicolae_shop_statue_plus, nicolae_figureground_pulse
D:5:      layout_gridville, nicolae_ru_the_path_less_chosen, uniq_sigmund
D:6:      layout_loops_ring, uniq_menkaure
D:7:      layout_basic, mainiacjoe_overflow_chevrons, overflow_temple_1_default,
          mainiacjoe_overflow_boulevard, minmay_temple_entry_junction,
          serial_curves, eino_curves_03, eino_curves_02, minivault_1,
          minmay_misc_feat_rugged
D:8:      layout_basic, makhleb_altar_promises_db, erik_lair_island,
          minmay_unpleasant_kobolds
D:9:      layout_grid_maze, serial_shops, nicolae_shop_behind_doors,
          nicolae_specific_store
D:10:     layout_basic, mainiacjoe_overflow_24_doors, david_orc_2,
          lightli_bailey_entry_fortress, uniq_erolcha
D:11:     layout_long_grid, grunt_livestock
Temple:   chequers_temple_sunken

Skill      XL: |  1  2  3  4  5  6  7  8  9 |
---------------+----------------------------+-----
Armour         | 4 5 6 7 |  7.4
Fighting       | 4 5 6 |  6.6
Shields        | 4 5 |  5.5
Dodging        | 1 2 3 5 |  5.3
Axes           | 3 |  3.8
Throwing       | 1 2 3 4 |  4.0
Stealth        | 1 2 3 |  3.7
Maces & Flails | 2 3 5 6 |  6.3
Invocations    | 1 |  1.0
Evocations     | |  0.5

Action                   |  1- 3 |  4- 6 |  7- 9 || total
-------------------------+-------+-------+-------++-------
Melee: War axe           |    93 |    32 |       ||   125
       Headbutt          |     6 |    15 |    27 ||    48
       Flail             |       |    55 |   185 ||   240
Invok: Draw Destruction  |       |       |     2 ||     2
  Use: Scroll            |     5 |     8 |     9 ||    22
       Potion            |       |       |     2 ||     2
 Stab: Sleeping          |       |       |     3 ||     3
Armor: Scale mail        |     6 |       |       ||     6
       Chain mail        |    51 |    58 |       ||   109
       Steam dragon scal |       |     6 |    70 ||    76
Dodge: Dodged            |    43 |    38 |   111 ||   192
Block: Buckler           |    25 |    22 |   108 ||   155
       Reflection        |       |       |     4 ||     4
